General information
- name: BNet
- type: Ladder 1vs1/FFA
- host: Battle.net
- saver: iggy72
map: TwistedMeadows
- players: 2
- length: 30:36
- speed: Fast
- version: 1.26 W3XP
- replay type: Public
» download(94 KB)
Players
team 1 (loser)

»
germanium (
pink | 39 APM | 1199 actions | 30:33)
4 Blademaster
2 Wind Walk
2 Critical Strike
2 Shadow Hunter
1 Healing Wave
1 Hex
» actions
| Assign group hotkey | 4 | |
| Basic commands | 4 | |
| Build / train | 61 | |
| Enter build submenu | 25 | |
| Enter hero's abilities submenu | 6 | |
| Give item / drop item | 4 | |
| Remove unit from queue | 7 | |
| Right click | 527 | |
| Select / deselect | 419 | |
| Select group hotkey | 58 | |
| Use ability | 84 | |
1199 total
» units
| Peon | 8 | |
| Grunt | 5 | |
| Demolisher | 7 | |
| Wind Rider | -1 | |
| Troll Batrider | 5 | |
| Goblin Zeppelin | 1 | |
25 total
» upgrades
| Pillage | 1 | |
| Armor | 1 | |
| Melee Weapons | 1 | |
| Berserker Strength | 1 | |
| Ranged Weapons | 2 | |
6 total
» buildings
| Altar of Storms | 1 | |
| Orc Burrow | 7 | |
| Voodoo Lounge | 1 | |
| Barracks | 2 | |
| War Mill | 1 | |
| Stronghold | 1 | |
| Beastiary | 2 | |
| Great Hall | 5 | |
20 total
» build order
00:07 Altar of Storms
00:15 Orc Burrow
00:25 Voodoo Lounge
01:41 Barracks
01:53 Orc Burrow
02:32 Barracks
03:56 War Mill
05:05 Stronghold
05:09 Orc Burrow
06:40 Orc Burrow
09:21 Orc Burrow
10:30 Beastiary
10:37 Beastiary
14:10 Orc Burrow
15:24 Orc Burrow
23:19 Great Hall
23:31 Great Hall
23:37 Great Hall
24:17 Great Hall
24:44 Great Hall
» items
| Healing Salve | 5 | |
| Lesser Clarity Potion | 5 | |
| Scroll of Speed | 2 | |
| Potion of Mana | 1 | |
| Potion of Healing | 1 | |
14 total
team 2 (winner)
iggy72 (
teal | 83 APM | 2552 actions | 30:36)
5 Archmage
2 Blizzard
3 Brilliance Aura
5 Blood Mage
3 Flame Strike
2 Banish
» actions
| Assign group hotkey | 48 | |
| Basic commands | 126 | |
| Build / train | 134 | |
| ESC pressed | 4 | |
| Enter build submenu | 45 | |
| Enter hero's abilities submenu | 10 | |
| Give item / drop item | 5 | |
| Right click | 1064 | |
| Select / deselect | 564 | |
| Select group hotkey | 296 | |
| Use ability | 256 | |
2552 total
» units
| Peasant | 39 | |
| Dragonhawk Rider | 8 | |
| Gryphon Rider | 3 | |
| Goblin Sapper | 1 | |
| Sorceress | 1 | |
| Goblin Shredder | 1 | |
53 total
» upgrades
| Storm Hammers | 1 | |
| Cloud | 1 | |
| Masonry | 3 | |
| Animal War Training | 1 | |
| Magic Sentry | 1 | |
| Sorceress Training | 2 | |
| Armor | 1 | |
10 total
» buildings
| Altar of Kings | 2 | |
| Farm | 6 | |
| Arcane Vault | 3 | |
| Scout Tower | 27 | |
| Lumber Mill | 1 | |
| Arcane Tower | 8 | |
| Town Hall | 2 | |
| Guard Tower | 19 | |
| Keep | 1 | |
| Castle | 1 | |
| Gryphon Aviary | 3 | |
| Arcane Sanctum | 1 | |
| Barracks | 1 | |
| Blacksmith | 1 | |
76 total
» build order
00:07 Altar of Kings
00:11 Farm
00:19 Farm
00:52 Arcane Vault
01:20 Scout Tower
01:44 Lumber Mill
02:16 Arcane Tower
02:25 Scout Tower
02:42 Farm
03:12 Arcane Tower
04:58 Town Hall
05:01 Scout Tower
05:02 Scout Tower
05:11 Scout Tower
05:12 Scout Tower
05:32 Arcane Tower
05:36 Arcane Tower
06:26 Scout Tower
06:27 Scout Tower
06:28 Scout Tower
06:36 Guard Tower
06:38 Scout Tower
06:55 Guard Tower
07:11 Guard Tower
07:24 Guard Tower
07:59 Scout Tower
08:15 Guard Tower
09:05 Scout Tower
09:09 Keep
09:14 Scout Tower
09:48 Guard Tower
09:49 Guard Tower
10:02 Guard Tower
10:02 Guard Tower
10:04 Scout Tower
10:20 Scout Tower
10:24 Scout Tower
10:27 Arcane Vault
10:34 Guard Tower
10:50 Guard Tower
10:57 Arcane Tower
12:05 Castle
12:08 Gryphon Aviary
12:08 Gryphon Aviary
13:37 Altar of Kings
13:42 Gryphon Aviary
13:48 Farm
13:49 Farm
14:11 Guard Tower
14:11 Guard Tower
14:25 Guard Tower
15:02 Scout Tower
16:56 Arcane Vault
16:59 Guard Tower
18:30 Arcane Sanctum
18:40 Barracks
18:42 Blacksmith
19:31 Scout Tower
20:35 Arcane Tower
21:02 Farm
25:11 Town Hall
25:15 Scout Tower
25:15 Scout Tower
25:16 Scout Tower
25:17 Scout Tower
25:17 Scout Tower
25:18 Scout Tower
25:19 Scout Tower
25:19 Scout Tower
25:20 Scout Tower
26:15 Guard Tower
26:56 Arcane Tower
26:57 Guard Tower
» items
| Scroll of Regeneration | 6 | |
| Lesser Clarity Potion | 6 | |
| Mechanical Critter | 1 | |
| Potion of Healing | 8 | |
| Scroll of Town Portal | 1 | |
| Ivory Tower | 3 | |
| Staff of Sanctuary | 1 | |
| Potion of Mana | 1 | |
| Boots of Speed | 1 | |
| Periapt of Vitality | 1 | |
29 total
Chat log
(25:54 / All) iggy72: lol
(26:07 / All) iggy72: thats not how you ragequit
(26:32 / All) iggy72: when cookie cutter builds fail
(26:35 / All) iggy72: MASS ATTACK
(26:51 / All) germanium: 3 grunts certainly is mass
(27:05 / All) germanium: this is mass muther fucker
(27:08 / All) iggy72: its just funny how angry you are
(27:14 / All) iggy72: over a game
(27:23 / All) iggy72: why build town halls anyway
(27:40 / All) iggy72: if youre not mad?
(27:54 / All) germanium: whats wrong with a little anger?
(27:59 / All) iggy72: lol internet tough guy?
(28:03 / All) germanium: you sound pretty pissed yourself
(28:29 / All) germanium: tough guys dont admit to anger
(28:33 / All) germanium: they act upon it
(28:43 / All) iggy72: by building town halls around the map?
(28:44 / All) iggy72: LOL
(28:48 / All) germanium: i think being angry is a failry healthy emotion in moderation
(28:57 / All) iggy72: yeah but angry over a video game
(29:06 / All) germanium: as long as donsent get brougt out on the worng person
(29:13 / All) iggy72: a game youve played over 400 times on this account alone and still dont know how to play
(29:27 / All) iggy72: its one thing to be bad if youre taking risks, but cookie cut and STILL suck?
(29:28 / All) germanium: haha
(29:44 / All) germanium: your running that risking line of anger i think
(29:50 / All) germanium: respesct your oponent
(29:51 / All) iggy72: no just observing
(29:53 / All) iggy72: and ive seen a lot
(30:02 / All) germanium: most likekly a lot more than
(30:03 / All) germanium: me
(30:10 / All) iggy72: i cant respect a 12 year old kid who can't spell "respect", sorry
(30:13 / All) germanium: fortunately ive got a life
(30:17 / All) iggy72: mm hm
(30:22 / All) iggy72: ironic
(30:24 / All) germanium: anyway time to take of
(30:26 / All) iggy72: considering your last statement
(30:29 / All) germanium: good luck getting pro